 Dungeon Crawl Stone Soup version 0.29-a0-559-g359e09b9d1 (webtiles) character file.

Game seed: 3204963488498632173

53 Heedrag the Conjurer (level 3, -1/24 HPs)
             Began as a Demonspawn Conjurer on June 9, 2022.
             Slain by a gnoll
             ... wielding a +0 club
              (6 damage)
             ... on level 1 of the Dungeon.
             The game lasted 00:01:38 (1360 turns).

Heedrag the Conjurer (Demonspawn Conjurer)          Turns: 1360, Time: 00:01:39

Health: -1/24      AC: 10    Str:  7    XL:     3   Next: 62%
Magic:  0/6        EV: 12    Int: 21    God:
Gold:   79         SH:  0    Dex: 11    Spells: 4/7 levels left

rFire   . . .      SeeInvis .   c - +0 dagger
rCold   . . .      Faith    .   (no shield)
rNeg    . . .      Spirit   .   a - +0 robe
rPois   .          Reflect  .   (no helmet)
rElec   .          Harm     .   (no cloak)
rCorr   .          Rampage  .   j - +0 pair of gloves
Will    .....                   e - +0 pair of boots
Stlth   ++........              (no amulet)
HPRegen 0.08/turn               (no ring)
MPRegen 0.10/turn               (no ring)

@: sanguine armoured
A: sanguine armour 1, weakness stinger 1
a: no special abilities


You were on level 1 of the Dungeon.
You visited 1 branch of the dungeon, and saw 2 of its levels.

You collected 79 gold pieces.

Inventory:

Hand Weapons
 c - a +0 dagger (weapon)
   (You took it off a kobold on level 1 of the Dungeon)
Armour
 a - a +0 robe (worn)
 e - a +0 pair of boots (worn)
   (You found it on level 1 of the Dungeon)
 j - a +0 pair of gloves (worn)
   (You found it on level 1 of the Dungeon)
Scrolls
 d - 3 scrolls of teleportation {unknown}
 g - 2 scrolls of identify {unknown}
 i - a scroll of poison {unknown}
 k - a scroll of fear {unknown}
Potions
 b - a potion of magic
 f - a potion of lignification {unknown}
 h - a potion of heal wounds {unknown}


   Skills:
 - Level 2.0 Dodging
 + Level 2.3 Stealth
 + Level 2.5 Spellcasting
 * Level 4.7 Conjurations


You had 4 spell levels left.
You knew the following spells:

 Your Spells              Type           Power      Damage    Failure   Level
a - Magic Dart            Conj           88%        1d7       1%          1
s - Searing Ray           Conj           44%        2d6       3%          2

Your spell library contained the following spells:

 Spells                   Type           Power      Damage    Failure   Level
 Dazzling Flash           Conj/Hex       24%        N/A       16%         3
 Fulminant Prism          Conj/Hex       6%         3d7       47%         4
 Iskenderun's Mystic Bla  Conj/Tloc      12%        2d5       47%         4


Dungeon Overview and Level Annotations

Branches:
Dungeon (2/15)

Altars:


Innate Abilities, Weirdness & Mutations

When seriously injured, your blood forms armour. (AC +6)
You have a small tail.


Message History

There are monsters nearby!
There are monsters nearby!
An orc wizard, an orc, an endoplasm and 3 gnolls come into view.
A gnoll is wielding a +2 antimagic spear.
A gnoll is wielding a +2 vorpal spear.
Unknown command.
An orc comes into view.
It is wielding a +0 hand axe and quivering silver boomerangs.
The gnoll shouts! x2; You hear a shout!
The orc shouts! x2
The orc wizard shouts!
Unknown command.
The orc attacks as you move away! The orc barely misses you.
The gnoll shouts!
Unknown command.
The orc wizard shouts!
The orc hits you with a +0 hand axe.
There is a stone staircase leading up here.
Unknown command.
The gnoll closely misses you.
The orc wizard gestures wildly while chanting.
The orc wizard flickers and vanishes!
Deactivating autopickup; reactivate with Ctrl-A.
The quokka bites you.
You climb upwards.
Reactivating autopickup.
There is a stone staircase leading down here.
Unknown command.
You closely miss the gnoll. The gnoll barely misses you. The orc misses you.
Aim: an orc, wielding a +0 hand axe and quivering silver boomerangs (100% to hit)
The magic dart hits the orc.
The gnoll hits you with a +0 club.
Your blood congeals into armour.
The orc closely misses you.
Aim: an orc, wielding a +0 hand axe and quivering silver boomerangs (almost dead, 100% to hit)
The magic dart hits the orc.
You kill the orc!
The gnoll hits you with a +0 club.
Aim: a gnoll, wielding a +0 club (100% to hit)
The magic dart hits the gnoll but does no damage.
The gnoll hits you with a +0 club.
* * * LOW HITPOINT WARNING * * *
Aim: a gnoll, wielding a +0 club (100% to hit)
The magic dart hits the gnoll.
The gnoll barely misses you.
Aim: a gnoll, wielding a +0 club (moderately wounded, 100% to hit)
The magic dart hits the gnoll.
The gnoll hits you but does no damage.
Aim: a gnoll, wielding a +0 club (severely wounded, 100% to hit)
The magic dart hits the gnoll.
The gnoll barely misses you.
You don't have enough magic to cast this spell.
Unknown command.
Unknown command.
You closely miss the gnoll. The gnoll hits you with a +0 club.
* * * LOW HITPOINT WARNING * * *
You hit the gnoll but do no damage. The gnoll hits you with a +0 club.
You die...

####### ##### #######
#.....# #...#
#....)###.....###...##
#....@g....(.>.......#
#.#.#.##......###....#
#.#.#.........'.+.....
#.#.#.##......###....#
###.#.##......# #.....
#.#....###### #####.
#.#......# #.
#....(.#.####### ##
####.....)........#####


You could see a gnoll.

Vanquished Creatures
  A gnoll (D:1)
  3 dart slugs (D:1)
  An orc (D:1)
  2 ball pythons
  A bat (D:1)
  3 endoplasms (D:1)
  5 goblins
  5 hobgoblins
  4 jackals (D:1)
  A kobold (D:1)
  2 quokkas (D:1)
  3 rats (D:1)
31 creatures vanquished.

Notes
Turn   | Place    | Note
-------+----------+-------------------------------------------
     0 | D:1      | Heedrag the Demonspawn Conjurer began the quest for the
                  | Orb.
     0 | D:1      | Reached XP level 1. HP: 13/13 MP: 3/3
   131 | D:1      | Gained mutation: You have a small tail. [demonic ancestry]
   131 | D:1      | Reached XP level 2. HP: 19/19 MP: 1/5
   224 | D:1      | Learned a level 2 spell: Searing Ray
   436 | D:1      | Gained mutation: When seriously injured, your blood forms
                  | armour. (AC +6) [demonic ancestry]
   436 | D:1      | Reached XP level 3. HP: 19/24 MP: 2/6
   896 | D:1      | Found a faded altar of an unknown god.
  1360 | D:1      | Slain by a gnoll

Illustrated notes

Levels and vault maps discovered:
D:1:      amcnicky_arrival_wind_blow, layout_basic,
          ebering_ecumenical_altar_petrified, minivault_5
D:2:      layout_basic, serial_shops, nicolae_shop_competitors_out_of_business

Skill      XL: |  1  2 |
---------------+-------+-----
Stealth        | 2 |  2.3
Dodging        | 2 |  2.0
Spellcasting   | |  2.5
Conjurations   | |  4.7

Action                   || total
-------------------------++-------
Melee: Dagger            ||    22
       Tailslap          ||     1
 Cast: Magic Dart        ||    57
Armor: Robe              ||     9
Dodge: Dodged            ||    29

Table legend: (Time is in decaauts)
 A = Elapsed time spent in this place.
 B = Non-inter-level travel time spent in this place.
 C = Inter-level travel time spent in this place.
 D = Time resting spent in this place.
 E = Time spent auto-exploring this place.
 F = Levels seen in this place.
 G = Mean time per level.
                   A        B        C        D        E       F      G
               +--------+--------+--------+--------+--------+-----+--------+
         Total |   1359 |   1308 |     51 |     88 |   1019 |   2 |  679.5 |
       Dungeon |   1359 |   1308 |     51 |     88 |   1019 |   2 |  679.5 |
               +--------+--------+--------+--------+--------+-----+--------+

Top non-repeatable levels by time:
     D:1: 1224 daAuts
     D:2: 135 daAuts
